 Dungeon Crawl Stone Soup version 0.24.0-41-g2ae2f7f1be (webtiles) character file.

Game seed: 179952318937064691, levelgen mode: deterministic

161 Curus the Chopper (level 5, -4/45 HPs)
             Began as a Minotaur Abyssal Knight on Dec 13, 2019.
             Was a Priest of Lugonu.
             Killed by nerve-wracking pain
             ... invoked by Grinder
              (12 damage)
             ... on level 4 of the Dungeon.
             The game lasted 00:10:22 (2223 turns).

Curus the Chopper (Minotaur Abyssal Knight)         Turns: 2223, Time: 00:10:23

Health: -4/45      AC:  5    Str: 19    XL:     5   Next: 19%
Magic:  6/6        EV: 11    Int:  9    God:    Lugonu [***...]
Gold:   225        SH:  0    Dex: 10    Spells: 4/4 levels left

rFire    . . .     SeeInvis .   a - +1 hand axe
rCold    . . .     Gourm    .   (no shield)
rNeg     . . .     Faith    .   d - +0 ring mail {rPois}
rPois    +         Spirit   .   (helmet restricted)
rElec    .         Reflect  .   (no cloak)
rCorr    .         Harm     .   (no gloves)
MR       .....                  (no boots)
Stlth    ..........             (no amulet)
HPRegen  0.15/turn              (no ring)
MPRegen  0.10/turn              (no ring)

@: no status effects
A: retaliatory headbutt, horns 2, low mp 1, strong 1
a: Depart the Abyss, Bend Space, Banish, Renounce Religion


You were on level 4 of the Dungeon.
You worshipped Lugonu.
Lugonu was most pleased with you.
You were not hungry.

You visited 1 branch of the dungeon, and saw 4 of its levels.
You visited the Abyss 1 time.

You collected 225 gold pieces.

Inventory:

Hand Weapons
 a - a +1 hand axe (weapon)
Armour
 b - a +0 leather armour
 d - a +0 ring mail of poison resistance (worn)
Scrolls
 f - 3 scrolls of remove curse
 k - a scroll of blinking
 l - a scroll of identify
Potions
 e - 2 potions of mutation
 g - a potion of invisibility
 h - 2 potions of agility
 i - a potion of magic
 j - a potion of curing
Comestibles
 c - 5 rations
 m - a chunk of flesh


   Skills:
 - Level 3.6 Fighting
 + Level 4.9 Axes
 - Level 2.4 Armour
 - Level 1.1 Dodging
 + Level 3.9 Invocations


You had 4 spell levels left.
You didn't know any spells.
Your spell library contained the following spells:

 Spells                   Type           Power        Failure   Level  Hunger
 Corona                   Hex            #......      56%         1    ##.....
 Ensorcelled Hibernation  Hex/Ice        #.....       71%         2    ###....
 Confuse                  Hex            #.......     90%         3    ####...
 Dazzling Spray           Conj/Hex       #.....       90%         3    ####...
 Tukima's Dance           Hex            #.......     90%         3    ####...


Dungeon Overview and Level Annotations

Branches:
Dungeon (4/15)
 Temple: D:4-7

Altars:
Dithmenos
The Shining One

Annotations:
D:4 Grinder


Innate Abilities, Weirdness & Mutations

You reflexively headbutt those who attack you in melee.
You have a pair of horns on your head.
Your magical capacity is low. (-10% MP)
Your muscles are strong. (Str +2)


Message History

Grinder is lightly wounded.
Grinder barely misses you.
You barely miss Grinder.
Grinder is lightly wounded.
Grinder gestures at you.
You barely resist. You hit Grinder.
Grinder is moderately wounded.
Grinder gestures at you. Pain shoots through your body!
* * * LOW HITPOINT WARNING * * *
You hit Grinder.
Grinder is moderately wounded.
You hear the slow rusting of a very distant drain.
Grinder hits you but does no damage.
You closely miss Grinder. Your headbutt misses Grinder.
Grinder is moderately wounded.
Grinder gestures at you. Pain shoots through your body!
You die...

...#....)......#
#..##..⌠...⌠..##
##<.###.......## .
..######.### #.#.#
#.# #.#.######.##
####
#.......#...#.....
#..#.###.......# #
#@# #.#...#.## #5#
#.......... ..#
#######.### ####
.# #


You could see Grinder.

Vanquished Creatures
  2 orc wizards (D:3)
  2 adders
  2 oozes
  A worm (D:2)
  A dart slug (D:2)
  5 leopard geckos
  3 orcs
  5 giant cockroaches
  8 goblins
  4 hobgoblins
  5 jackals
  8 kobolds
  10 bats
  4 frilled lizards
  9 rats
69 creatures vanquished.

Notes
Turn   | Place    | Note
-------+----------+-------------------------------------------
     0 | Abyss:1  | Curus the Minotaur Abyssal Knight began the quest for the
                  | Orb.
     0 | Abyss:1  | Reached XP level 1. HP: 19/19 MP: 1/1
    72 | Abyss:1  | Noticed a ynoxinul
    74 | D:1      | Escaped the Abyss
   101 | D:1      | Reached * piety under Lugonu
   243 | D:1      | Reached skill level 3 in Axes
   243 | D:1      | Reached XP level 2. HP: 18/26 MP: 2/2
   437 | D:1      | Gained mutation: Your magical capacity is low. (-10% MP)
                  | [potion of mutation]
   437 | D:1      | Gained mutation: Your muscles are strong. (Str +2) [potion
                  | of mutation]
   702 | D:2      | Reached XP level 3. HP: 29/31 MP: 3/3
   710 | D:2      | Found a glowing golden altar of the Shining One.
   810 | D:2      | Reached ** piety under Lugonu
   920 | D:2      | Reached skill level 4 in Axes
  1016 | D:2      | Reached XP level 4. HP: 39/39 MP: 4/4
  1652 | D:3      | Reached XP level 5. HP: 31/45 MP: 4/6
  1663 | D:3      | Found a shadowy altar of Dithmenos.
  2131 | D:3      | Reached *** piety under Lugonu
  2208 | D:4      | Noticed Grinder
  2213 | D:4      | Paralysed by Grinder for 3 turns
  2223 | D:4      | Killed from afar by Grinder

Levels and vault maps discovered:
D:1:      dpeg_arrival_rhombus, layout_loops_ring
D:2:      layout_loops_ring, tso_metal_star, palyth_stone_intersect
D:3:      layout_loops_corners, nicolae_dithmenos_through_a_glass_darkly
D:4:      layout_loops_corners, serial_shops, kennysheep_mini,
          portal_sewer_entry_e, grunt_ministairs_10, bh_walls_and_bars,
          uniq_grinder

Skill      XL: |  1  2  3 |
---------------+----------+-----
Invocations    | 2 3 |  3.9
Axes           | 3 4 |  4.9
Fighting       | |  3.6
Armour         | |  2.4
Dodging        | |  1.1

Action                   |  1- 3 |  4- 6 || total
-------------------------+-------+-------++-------
Melee: Hand axe          |    95 |    65 ||   160
       Headbutt          |    11 |     8 ||    19
Invok: Depart the Abyss  |     1 |       ||     1
  Use: Scroll            |     7 |     1 ||     8
       Potion            |     6 |     2 ||     8
  Eat: Chunk             |       |     4 ||     4
Armor: Leather armour    |     3 |       ||     3
       Ring mail         |    24 |    29 ||    53
Dodge: Dodged            |    43 |    36 ||    79
